 Dungeon Crawl Stone Soup version 0.29-a0-483-g69413ace17 (webtiles) character file.

Game seed: 8451439854946019208

7576 oldark the Destroyer (level 10, -4/69 HPs)
             Began as a White Draconian Conjurer on May 25, 2022.
             Was a Believer of Vehumet.
             Slain by a vampire
             ... wielding a +0 scimitar
              (18 damage)
             ... on level 9 of the Dungeon.
             The game lasted 00:48:42 (13871 turns).

oldark the Destroyer (White Draconian Conjurer)    Turns: 13871, Time: 00:48:42

Health: -4/69      AC: 14    Str: 16    XL:     10   Next: 97%
Magic:  18/20      EV: 12    Int: 22    God:    Vehumet [**....]
Gold:   631        SH:  0    Dex: 16    Spells: 7/23 levels left

rFire   . . .      SeeInvis .   E - staff of conjuration
rCold   + . .      Faith    .   (no shield)
rNeg    . . .      Spirit   .   (body armour unavailable)
rPois   .          Reflect  .   (helmet restricted)
rElec   .          Harm     .   e - +0 cloak
rCorr   .          Rampage  .   f - +2 pair of gloves
Will    .....                   y - +2 pair of boots
Stlth   ++........              (no amulet)
HPRegen 0.21/turn               q - +6 ring of dexterity
MPRegen 0.17/turn               u - +6 ring of strength

@: about to teleport
A: breathe frost, AC +7, unfitting armour, cold resistance 1, cold-blooded
a: Breathe Frost, Renounce Religion


You were on level 9 of the Dungeon.
You worshipped Vehumet.
Vehumet was pleased with you.
You visited 2 branches of the dungeon, and saw 10 of its levels.
You also visited: Bailey.

You collected 631 gold pieces.

Inventory:

Hand Weapons
 j - a +1 spectral dagger
Missiles
 v - a throwing net
Armour
 e - a +0 cloak (worn)
 f - a +2 pair of gloves (worn)
 y - a +2 pair of boots (worn)
Magical Staves
 E - a staff of conjuration (weapon)
Jewellery
 m - a +6 ring of strength
 q - a +6 ring of dexterity (left hand)
 u - a +6 ring of strength (right hand)
Wands
 h - a wand of iceblast (7)
 r - a wand of polymorph (6)
 t - a wand of flame (18)
 w - a wand of digging (5)
Scrolls
 c - 3 scrolls of identify
 n - 2 scrolls of fog
 o - 4 scrolls of teleportation
 p - a scroll of noise
 A - a scroll of blinking
 B - a scroll of acquirement {unknown}
 C - 2 scrolls of vulnerability {unknown}
 F - a scroll of poison {unknown}
Potions
 a - 4 potions of magic
 b - 2 potions of curing
 d - 2 potions of attraction
 g - 2 potions of haste
 i - a potion of might
 k - a potion of lignification
 l - a potion of brilliance
 s - a potion of flight
 x - 3 potions of mutation {unknown}
 z - a potion of cancellation
 D - a potion of heal wounds


   Skills:
 + Level 1.6 Staves
 - Level 1.7 Dodging
 - Level 1.7 Stealth
 + Level 7.0 Spellcasting
 * Level 11.2 Conjurations
 + Level 3.3 Summonings
 * Level 3.6 Necromancy
 - Level 5.0 Translocations
 * Level 5.6 Ice Magic
 + Level 6.2 Evocations


You had 7 spell levels left.
You knew the following spells:

 Your Spells              Type           Power      Damage    Failure   Level
a - Magic Dart            Conj           100%       1d8       1%          1
b - Searing Ray           Conj           100%       2d8       1%          2
c - Iskenderun's Mystic   Conj/Tloc      60%        2d13      3%          4
d - Haunt                 Necr/Summ      11%        N/A       100%        7
e - Ensorcelled Hibernat  Hex/Ice        40%        N/A       3%          2

Your spell library contained the following spells:

 Spells                   Type           Power      Damage    Failure   Level
 Foxfire                  Conj/Fire      100%       2x1d9     1%          1
 Summon Small Mammal      Summ           88%        N/A       1%          1
 Dazzling Flash           Conj/Hex       96%        N/A       2%          3
 Call Canine Familiar     Summ           22%        N/A       6%          3
 Fulminant Prism          Conj/Hex       24%        3d13      9%          4
 Summon Guardian Golem    Hex/Summ       15%        N/A       12%         3
 Animate Dead             Necr           24%        N/A       19%         4
 Spider Form              Tmut/Pois      7%         N/A       24%         3
 Anguish                  Hex/Necr       7%         N/A       36%         4
 Infestation              Necr           12%        N/A       100%        8


Dungeon Overview and Level Annotations

Branches:
Dungeon (9/15)             Temple (1/1) D:7          Bailey (visited)
   Lair: D:8-11         Orc: D:9-12

Altars:
Ashenzari
Dithmenos
Elyvilon
Fedhas
Gozag
Hepliaklqana
Kikubaaqudgha
Makhleb
Nemelex Xobeh
Okawaru
Ru
Sif Muna
Trog
Uskayaw
Vehumet
Wu Jian
Xom
Yredelemnul
The Shining One

Annotations:
D:6 Pikel
D:8 1 runed translucent door, Gelos's ghost, novice TrFi


Innate Abilities, Weirdness & Mutations

You can breathe waves of freezing cold which knock back foes.
Your icy white scales are hard. (AC +7)
You cannot fit into any form of body armour.
Your flesh is cold resistant. (rC+)
You are cold-blooded and may be slowed by cold attacks.


Message History

The vampire is lightly damaged.
The vampire hits you with a +0 scimitar.
The vampire bites you.
The vampire draws strength from your injuries!
You barely miss the vampire.
The vampire is lightly damaged.
The vampire points at you and mumbles some strange words.
You are more confused.
You hit the vampire but do no damage.
You blast the vampire.
You tail-slap the vampire, but do no damage.
The vampire is lightly damaged.
The vampire hits you with a +0 scimitar!
The vampire bites you but does no damage.
You bump into the rock wall.
The vampire barely misses you. The vampire bites you.
The vampire draws strength from your injuries!
You are too confused!
The vampire hits you with a +0 scimitar.
The vampire closely misses you.
You hit the vampire but do no damage.
You blast the vampire.
You tail-slap the vampire, but do no damage.
The vampire is lightly damaged.
The vampire barely misses you.
The vampire bites you but does no damage.
The vampire attacks as you move away!
The vampire hits you with a +0 scimitar!
* * * LOW HITPOINT WARNING * * *
The vampire bites you but does no damage.
You bump into the rock wall.
The vampire barely misses you. The vampire bites you.
* * * LOW HITPOINT WARNING * * *
The vampire draws strength from your injuries!
You feel less confused.
As you read the scroll of teleportation, it crumbles to dust.
You feel strangely unstable.
The vampire mumbles some strange words.
The vampire flickers and vanishes!
Deactivating autopickup; reactivate with Ctrl-A.
Something hits you!!
You die...

.......)....
............
##########.#
########### #.#
#.........########.#
#.#######..........#
#.#.....#..#########
#.#.###.#..# #.#@#
#.#..# #.#.#.#.#..#
#.#.#...#..#
#.#.#####..#
#.#........#
#.########.#
#..........#
############


There were no monsters in sight!

Vanquished Creatures
  An orc knight (Bailey)
  Prince Ribbit (D:6)
  Sigmund (D:5)
  A wyvern (D:9)
  2 yaks (D:9)
  2 steam dragons
  An acid dragon (D:9)
  2 water moccasins
  An ice beast (D:6)
  A sky beast (D:8)
  9 orc warriors
  6 ogres (D:6)
  3 centaurs
  5 kobold brigands
  3 bullfrogs
  A necrophage (D:5)
  4 scorpions
  2 gnoll sergeants
  11 wights
  18 killer bees
  7 howler monkeys
  9 hounds
  3 gnoll shamans (D:6)
  5 jellies
  10 orc priests
  Ijyb (D:3)
  Jessica (D:3)
  5 iguanas
  7 orc wizards
  Natasha (D:4)
  9 gnolls
  4 adders
  3 shadow imps
  A white imp (D:7)
  An ufetubus (D:5)
  38 orcs
  6 ball pythons
  A bat (D:1)
  7 endoplasms
  3 giant cockroaches
  8 goblins
  8 hobgoblins
  A quokka (D:3)
  A frilled lizard (D:1)
  12 kobolds
  10 rats (D:2)
237 creatures vanquished.

Vanquished Creatures (others)
  A fungus (D:6)
  7 plants (D:6)
8 creatures vanquished.

Grand Total: 245 creatures vanquished

Notes
Turn   | Place    | Note
-------+----------+-------------------------------------------
     0 | D:1      | oldark the Draconian Conjurer began the quest for the Orb.
     0 | D:1      | Reached XP level 1. HP: 14/14 MP: 3/3
   136 | D:1      | You fall into a shaft and drop 1 floor!
   184 | D:2      | Reached XP level 2. HP: 20/20 MP: 3/5
   259 | D:2      | Learned a level 2 spell: Searing Ray
   849 | D:2      | Reached XP level 3. HP: 26/26 MP: 2/6
  1519 | D:3      | Noticed Jessica
  1530 | D:3      | Killed Jessica
  1531 | D:3      | Reached skill level 5 in Conjurations
  1531 | D:3      | Reached XP level 4. HP: 33/33 MP: 0/8
  1677 | D:3      | Noticed Ijyb
  1698 | D:3      | Killed Ijyb
  1851 | D:3      | Found a blossoming altar of Fedhas.
  1851 | D:3      | Found a white marble altar of Elyvilon.
  1856 | D:3      | Found a sacrificial altar of Ru.
  2129 | D:4      | Noticed a scorpion
  2134 | D:4      | Killed a scorpion
  2135 | D:4      | Reached XP level 5. HP: 38/38 MP: 2/9
  2162 | D:4      | Reached skill level 1 in Evocations
  2348 | D:4      | Reached skill level 6 in Conjurations
  2744 | D:4      | Noticed Natasha
  2747 | D:4      | Killed Natasha
  3039 | D:5      | Entered Level 5 of the Dungeon
  3098 | D:5      | Reached XP level 6. HP: 45/45 MP: 8/11
  3162 | D:5      | Noticed Sigmund
  3168 | D:5      | Killed Sigmund
  3468 | D:5      | Your scales start taking on an icy white colour.
  3468 | D:5      | Reached XP level 7. HP: 50/50 MP: 4/13
  3468 | D:5      | Gained mutation: Your flesh is cold resistant. (rC+) [White
                  | Draconian growth]
  3537 | D:5      | Learned a level 4 spell: Iskenderun's Mystic Blast
  3679 | D:5      | Reached skill level 7 in Conjurations
  4408 | D:5      | Reached skill level 1 in Translocations
  4709 | D:6      | Noticed Prince Ribbit
  5029 | D:6      | Killed Prince Ribbit
  5112 | D:6      | Reached XP level 8. HP: 57/57 MP: 9/14
  5143 | D:6      | Reached skill level 8 in Conjurations
  5481 | D:6      | Reached skill level 5 in Spellcasting
  6319 | D:6      | Reached skill level 9 in Conjurations
  6356 | D:6      | Reached XP level 9. HP: 62/62 MP: 9/17
  6483 | D:6      | Noticed Pikel
  6638 | D:6      | Found a shimmering altar of Xom.
  6776 | D:6      | Reached skill level 5 in Evocations
  7255 | D:6      | Noticed a troll
  8065 | D:6      | Reached skill level 10 in Conjurations
  8369 | D:6      | Learned a level 7 spell: Haunt
  8794 | D:7      | Learned a level 2 spell: Ensorcelled Hibernation
  8806 | D:7      | Reached skill level 5 in Translocations
  8883 | D:7      | Found a staircase to the Ecumenical Temple.
  8894 | Temple   | Entered the Ecumenical Temple
  8932 | Temple   | Became a worshipper of Vehumet
  9133 | D:7      | Reached skill level 1 in Summonings
  9164 | D:7      | Reached skill level 1 in Ice Magic
  9211 | D:7      | Reached skill level 1 in Necromancy
  9356 | D:7      | Found a shadowy altar of Dithmenos.
  9735 | D:7      | Reached XP level 10. HP: 59/69 MP: 6/19
 10085 | D:8      | Found a runed translucent door.
 10265 | D:8      | Noticed Gelos's ghost (novice TrFi)
 10296 | D:8      | Found a burning altar of Makhleb.
 10620 | D:8      | Found a flagged portal.
 10629 | Bailey   | Entered a bailey
 10914 | Bailey   | Reached * piety under Vehumet
 10914 | Bailey   | Offered knowledge of Freeze by Vehumet.
 11169 | Bailey   | Noticed an orc knight
 11176 | Bailey   | Killed an orc knight
 11901 | D:8      | Reached skill level 11 in Conjurations
 12109 | D:8      | Reached skill level 5 in Ice Magic
 12685 | D:9      | Reached skill level 1 in Staves
 12985 | D:9      | Reached ** piety under Vehumet
 12985 | D:9      | Offered knowledge of Foxfire by Vehumet.
 13231 | D:9      | Found a hide-covered altar of Uskayaw.
 13268 | D:9      | HP: 2/69 [poisoned by a gnoll sergeant]
 13566 | D:9      | Found an iron altar of Okawaru.
 13871 | D:9      | Slain by a vampire

Illustrated notes

Levels and vault maps discovered:
D:1:      dpeg_arrival_stone_temple_mockup, layout_rooms,
          shapermc_ecumenical_altar_totnotflames
D:2:      layout_loops_ring
D:3:      layout_rooms, grunt_temple_overflow_open, kennysheep_jessica_study,
          uniq_ijyb
D:4:      layout_loops_ring, uniq_natasha
D:5:      layout_layer_cave, uniq_sigmund
D:6:      lemuel_castle_with_subvaults [lemuel_castle_interior_carwin_1],
          layout_gridville, mainiacjoe_overflow_24_doors, uniq_prince_ribbit1,
          uniq_pikel
D:7:      layout_gridville, nicolae_dithmenos_shadow_blocks,
          minmay_temple_entry_water_ring
D:8:      layout_basic, mainiacjoe_overflow_cross_hatched, enter_bailey_3,
          ebering_ghost_reflecting_pool, hangedman_abyss_or_decor_passed
D:9:      layout_basic, eat_drink_and_be_merry_uskayaw,
          mainiacjoe_overflow_catwalk
Temple:   minmay_temple_bridge_abc

Skill      XL: |  1  2  3  4  5  6  7  8  9 10 |
---------------+-------------------------------+-----
Conjurations   | 5 6 7 9 10 11 | 11.2
Spellcasting   | 3 4 5 6 7 |  7.0
Evocations     | 1 2 3 4 5 6 |  6.2
Translocations | 2 3 5 |  5.0
Summonings     | 1 3 |  3.3
Ice Magic      | 2 5 |  5.6
Necromancy     | 1 3 |  3.6
Staves         | 1 |  1.6
Dodging        | |  1.7
Stealth        | |  1.7

Action                   |  1- 3 |  4- 6 |  7- 9 | 10-12 || total
-------------------------+-------+-------+-------+-------++-------
Melee: Unarmed           |    11 |       |       |       ||    11
       Dagger            |    11 |    17 |    29 |     6 ||    63
       Tailslap          |     4 |     3 |     3 |     5 ||    15
       Staff             |       |       |       |    10 ||    10
 Cast: Magic Dart        |    39 |    35 |   162 |    61 ||   297
       Searing Ray       |     6 |    11 |    82 |    58 ||   157
       Iskenderun's Myst |       |       |     1 |     2 ||     3
       Ensorcelled Hiber |       |       |       |     1 ||     1
 Abil: Breathe Frost     |       |       |     3 |     2 ||     5
Evoke: Wand              |       |       |       |     4 ||     4
  Use: Potion            |       |     7 |     2 |     1 ||    10
       Scroll            |       |     7 |     3 |     3 ||    13
 Stab: Sleeping          |     1 |     1 |       |       ||     2
Armor: Skin              |    11 |     3 |    48 |    48 ||   110
Dodge: Dodged            |    21 |    33 |    63 |    77 ||   194

Table legend: (Time is in decaauts)
 A = Elapsed time spent in this place.
 B = Non-inter-level travel time spent in this place.
 C = Inter-level travel time spent in this place.
 D = Time resting spent in this place.
 E = Time spent auto-exploring this place.
 F = Levels seen in this place.
 G = Mean time per level.
                   A        B        C        D        E       F      G
               +--------+--------+--------+--------+--------+-----+--------+
         Total |  13899 |  13419 |    480 |   5531 |   5910 |  11 | 1263.5 |
       Dungeon |  13018 |  12560 |    458 |   5098 |   5665 |   9 | 1446.4 |
        Temple |     61 |     39 |     22 |      0 |     23 |   1 |   61.0 |
        Bailey |    818 |    818 |      0 |    433 |    222 |   1 |  818.0 |
               +--------+--------+--------+--------+--------+-----+--------+

Top non-repeatable levels by time:
     D:6: 2834 daAuts
     D:5: 2716 daAuts
     D:8: 1790 daAuts
     D:7: 1357 daAuts
     D:9: 1298 daAuts
     D:2: 1255 daAuts
     D:4: 990 daAuts
  Bailey: 818 daAuts
     D:3: 639 daAuts
     D:1: 135 daAuts
  Temple: 61 daAuts
